AoeStats
← tobesch

Arabia

508726831Analyzed
1v1 RM · 8d ago on Sep 23, 2026· 39m 11s· 2 players
Game mode
Random Map
Map size
Tiny (2 player)
Population
200
Speed
Normal
Resources
Standard
Victory
Conquest
Starting age
Dark Age
Ending age
Imperial Age
RankedLock teamsTeams togetherTeam positionsShared explorationLock speedFull tech treeHidden civsTurbo modeCheats
Victory
Defeat
🇨🇿 Britons · Czechia
1066
+16
🇩🇪 Magyars · Germany
1063
-16
tobesch
7:53 Loom
10:32 Feudal Age
10:46 Feudal Age
11:27 Horse Collar
12:22 Double-Bit Axe
17:21 Scale Barding Armor
18:52 Bloodlines
22:49 Castle Age
22:44 Gold Mining
23:54 Chain Barding Armor
22:56 Light Cavalry
24:39 Wheelbarrow
24:50 Bow Saw
26:51 Husbandry
28:33 Fletching
32:17 Hand Cart
32:15 Stone Mining
35:32 Bodkin Arrow
39:36 Imperial Age
37:30 Corvinian Army
38:09 Thumb Ring
38:06 Padded Archer Armor
Pandaduongvat
6:52 Loom
9:21 Feudal Age
9:52 Double-Bit Axe
14:12 Fletching
19:37 Castle Age
21:27 Bow Saw
21:06 Horse Collar
23:27 Heavy Plow
23:52 Gold Mining
26:47 Wheelbarrow
26:03 Pikeman
27:16 Crossbowman
28:13 Bodkin Arrow
28:20 Padded Archer Armor
30:45 Hand Cart
31:04 Ballistics
35:55 Imperial Age
33:49 Town Watch
34:27 Leather Archer Armor
34:13 Scale Mail Armor
36:38 Arbalester
37:21 Bracer
Connection lost

Rejoining the realm…

Still unreachable

The connection could not be restored.

Session expired

The server has moved on; the page needs a fresh start.